 Dungeon Sprint DCSS version 0.31.0-12-g77e489cdc1 (webtiles) character file.

Game seed: 4865965148602562422

35836 Heoruswealwe the Minotaur Porcupine (level 13, -21/146 HPs)
             Began as a Minotaur Fighter on Feb 12, 2024.
             Was an Initiate of Gozag.
             Killed from afar by a nagaraja (28 damage)
             ... with a poison arrow
             ... in the Dungeon (Sprint IX: "|||||||||||||||||||||||||||||").
             The game lasted 00:32:55 (5459 turns).

Heoruswealwe the Minotaur Porcupine (MiFi)          Turns: 5459, Time: 00:32:57

Health: -21/146    AC: 25    Str: 27    XL:     13   Next: 49%
Magic:  12/12      EV:  8    Int:  7    God:    Gozag
Gold:   995        SH:  6    Dex: 15    Spells: 12/12 levels left

rFire   + + .        a - +6 demon trident (drain)
rCold   . . .        d - +0 buckler
rNeg    . . .        c - +0 plate armour
rPois   .            (helmet restricted)
rElec   .            h - +0 cloak
rCorr   +            f - +1 pair of gloves
SInv    .            (no boots)
Will    .....        (no amulet) Stlth
                     k - ring of protection from fire
HPRegen 0.44/turn    j - ring of Gyfib {rF+ rCorr Int+2 Dex+6}
MPRegen 0.13/turn

%: no teleportation
@: lethally poisoned (-21 -> -51), weakened, untranslocatable, gold aura,
constricted
A: horns 2, retaliatory headbutt
a: Renounce Religion, Potion Petition, Call Merchant, Bribe Branch


You were in the Dungeon.
You worshipped Gozag.
Gozag was pleased with you.
You visited 1 branch You collected 12636 gold pieces.
You spent 8112 gold pieces at shops.
You paid 3529 gold pieces to Gozag.

Inventory:

Hand Weapons
 a - a +6 demon trident of draining (weapon)
 b - a +3 glaive of flaming
 A - the +8 pair of quick blades "Gyre" and "Gimble" {protect}
   (You bought it in a shop in the Dungeon)
 B - the +9 sword of Zonguldrok {reap}
   (You bought it in a shop in the Dungeon)
Armour
 c - a +0 plate armour (worn)
 d - a +0 buckler (worn)
 f - a +1 pair of gloves (worn)
 h - a +0 cloak (worn)
Jewellery
 j - the ring of Gyfib (right hand) {rF+ rCorr Int+2 Dex+6}
   (You bought it in a shop in the Dungeon)

   [ring of dexterity]

   Int+2:     It affects your intelligence (+2).
   Dex+6:     It affects your dexterity (+6).
   rF+:       It protects you from fire.
   rCorr:     It protects you from acid and corrosion.
 k - a ring of protection from fire (left hand)
Talismans
 u - a dragon-blood talisman
Wands
 p - a wand of iceblast (21)
 w - a wand of quicksilver (5)
Scrolls
 o - 4 scrolls of enchant armour
 v - 2 scrolls of blinking
 x - a scroll of identify
Potions
 e - a potion of might
 g - a potion of haste
 m - a potion of resistance


   Skills:
 + Level 22.5 Fighting
 O Level 27 Polearms
 + Level 22.5 Armour
 + Level 5.8 Dodging
 + Level 7.5 Shields
 + Level 3.9 Shapeshifting


You had 12 spell levels left.
You didn't know any spells.
Your spell library contained the following spells:

 Spells                   Type           Power      Damage    Failure   Level
 Inner Flame              Hex/Fire       0%         N/A       100%        3
 Flame Wave               Conj/Fire      0%         2d4       100%        4
 Sticky Flame             Fire/Alch      0%         2d4       100%        4


Dungeon Overview and Level Annotations

Branches:
Dungeon (1/1)

Altars:
Cheibriados
Dithmenos
Elyvilon
Fedhas
Gozag
Hepliaklqana
Kikubaaqudgha
Makhleb
Nemelex Xobeh
Okawaru
Qazlal
Ru
Sif Muna
Trog
Uskayaw
Vehumet
Wu Jian
Xom
Yredelemnul
Zin
The Shining One
Jiyva
Lugonu

Shops:
D *(==(*((


Innate Abilities, Weirdness & Mutations

You have a pair of horns on your head.
You reflexively headbutt those who attack you in melee.


Message History

The nagaraja is moderately wounded.
You feel sick.
The nagaraja hits you with a +0 halberd!!
* * * LOW HITPOINT WARNING * * *
You block the nagaraja's attack. The naga mage completely misses you.
You puncture the nagaraja!
You headbutt the nagaraja, but do no damage.
The nagaraja is heavily wounded.
You feel very sick. The nagaraja misses you. The nagaraja grabs you.
The nagaraja constricts you.
* * * LOW HITPOINT WARNING * * *
The naga mage hits you but does no damage.
You puncture the nagaraja!
You headbutt the nagaraja, but do no damage.
The nagaraja is heavily wounded.
You feel sick. You block the nagaraja's attack. The nagaraja constricts you.
* * * LOW HITPOINT WARNING * * *
The naga mage barely misses you.
You barely miss the nagaraja. You headbutt the nagaraja!
The nagaraja is severely wounded.
You feel sick.
The nagaraja hits you with a +0 halberd!
* * * LOW HITPOINT WARNING * * *
The nagaraja constricts you.
You hit the nagaraja but do no damage. You drain the nagaraja.
Your headbutt misses the nagaraja.
The nagaraja is severely wounded.
* * * LOW HITPOINT WARNING * * *
You feel sick.
The nagaraja points at you and mumbles some strange words.
You feel firmly anchored in space. The nagaraja constricts you.
You puncture the nagaraja! You drain the nagaraja.
The nagaraja is almost dead.
* * * LOW HITPOINT WARNING * * *
You feel sick. The nagaraja casts a spell at you. The poison arrow hits you!!
You are lethally poisoned!
You die...
Your body crumbles into a pile of gold.

..........[)....∩.∩.∩.∩.∩.∩.'.∩.∩
▓▓▓▓▓▓▓▓▓▓▓▓▓▓▓▓▓▓▓▓▓▓▓▓▓▓▓▓▓▓▓▓▓
.................................
▓▓▓▓▓▓▓▓▓▓▓▓▓▓▓▓▓▓▓▓▓▓▓▓▓▓▓▓▓▓▓▓▓
.[.[?!......'[..............'....
▓▓▓▓▓▓▓▓▓▓▓▓▓▓▓▓▓▓▓▓▓▓▓▓▓▓▓▓▓▓▓▓▓
.................................
▓▓▓▓▓▓▓▓▓▓▓▓▓▓▓▓▓▓▓▓▓▓▓▓▓▓▓▓▓▓▓▓▓
(....'.........'@NNNSNSS
▓▓▓▓▓▓▓▓▓▓▓▓▓▓▓▓▓▓▓▓▓▓▓▓


You could see a nagaraja (fast, curare, drained), a naga sharpshooter, a
salamander tyrant, a guardian serpent, 2 black mambas and a naga mage (fast).

Vanquished Creatures
  Frances (D)
  A stone giant (D)
  A vampire knight (D)
  An eleionoma (D)
  A bunyip (D)
  2 ettins (D)
  A merfolk impaler (D)
  An entropy weaver (D)
  Josephine (D)
  2 rakshasas (D)
  A hydra (D)
  3 centaur warriors (D)
  An ice dragon (D)
  4 ogre magi (D)
  A ghost crab (D)
  A merfolk aquamancer (D)
  A boulder beetle (D)
  A vampire mage (D)
  3 orc high priests (D)
  A demonic crawler (D)
  A tengu warrior (D)
  A skeletal warrior (D)
  2 orb spiders (D)
  A pharaoh ant (D)
  A sea snake (D)
  5 deep trolls (D)
  A bog body (D)
  A wolf spider (D)
  A will-o-the-wisp (D)
  An oklob plant (D)
  2 manticores (D)
  A cyclops (D)
  A black mamba (D)
  A torpor snail (D)
  2 cane toads (D)
  A tengu conjurer (D)
  3 merfolk (D)
  A polar bear (D)
  A wind drake (D)
  3 trolls (D)
  5 blink frogs (D)
  A snapping turtle (D)
  2 slime creatures (D)
  A jumping spider (D)
  A culicivora (D)
  A shadow (D)
  5 wraiths (D)
  A wyvern (D)
  4 yaks (D)
  A redback (D)
  2 basilisks (D)
  3 vampire mosquitoes (D)
  2 steam dragons (D)
  3 water moccasins (D)
  11 orc warriors (D)
  5 bullfrogs (D)
  2 scorpions (D)
  A killer bee (D)
  2 orc priests (D)
  An iguana (D)
  5 orc wizards (D)
  A shadow imp (D)
  A dart slug (D)
  6 orcs (D)
  A kobold (D)
  A ball python (D)
  A frilled lizard (D)
  A rat (D)
131 creatures vanquished.

Vanquished Creatures (others)
  A hydra (D)
  An alligator (D)
  An occultist (D)
  A naga sharpshooter (D)
  A spriggan druid (D)
  3 foxfires (D)
8 creatures vanquished.

Grand Total: 139 creatures vanquished

Notes
Turn   | Place    | Note
-------+----------+-------------------------------------------
     0 | D        | Heoruswealwe the Minotaur Fighter began the quest for the
                  | Orb.
     0 | D        | Reached XP level 1. HP: 19/19 MP: 0/0
     6 | D        | Reached skill level 3 in Polearms
    42 | D        | Noticed a scorpion
    42 | D        | Noticed an iguana
    42 | D        | Noticed a scorpion
    52 | D        | HP: 1/20 [scorpion (4)]
    53 | D        | Reached skill level 4 in Polearms
    53 | D        | Reached XP level 2. HP: 2/28 MP: 1/1
    57 | D        | Killed a scorpion
    58 | D        | Reached skill level 7 in Polearms
    58 | D        | Reached skill level 5 in Armour
    58 | D        | Reached XP level 3. HP: 27/37 MP: 2/2
    58 | D        | Reached XP level 4. HP: 33/44 MP: 3/3
    70 | D        | Killed a scorpion
    71 | D        | Reached skill level 8 in Polearms
    72 | D        | Reached skill level 9 in Polearms
    72 | D        | Reached XP level 5. HP: 44/52 MP: 4/4
    80 | D        | Found a snail-covered altar of Cheibriados.
    80 | D        | Found a shadowy altar of Dithmenos.
    80 | D        | Found a white marble altar of Elyvilon.
    80 | D        | Found a blossoming altar of Fedhas.
    80 | D        | Found an opulent altar of Gozag.
    81 | D        | Found a hazy altar of Hepliaklqana.
    82 | D        | Found a viscous altar of Jiyva.
    83 | D        | Found an ancient bone altar of Kikubaaqudgha.
    84 | D        | Found a corrupted altar of Lugonu.
    85 | D        | Found a burning altar of Makhleb.
    86 | D        | Found a sparkling altar of Nemelex Xobeh.
    87 | D        | Found an iron altar of Okawaru.
    88 | D        | Became a worshipper of Gozag Ym Sagoz the Greedy
    89 | D        | Found a stormy altar of Qazlal.
    90 | D        | Found a sacrificial altar of Ru.
    91 | D        | Found a shimmering blue altar of Sif Muna.
    92 | D        | Found a bloodstained altar of Trog.
    93 | D        | Found a hide-covered altar of Uskayaw.
    94 | D        | Found a radiant altar of Vehumet.
    95 | D        | Found an ornate altar of the Wu Jian Council.
    96 | D        | Found a shimmering altar of Xom.
    97 | D        | Found a basalt altar of Yredelemnul.
    98 | D        | Found a glowing silver altar of Zin.
    99 | D        | Found a glowing golden altar of the Shining One.
   167 | D        | Noticed a steam dragon
   167 | D        | Noticed a steam dragon
   167 | D        | Noticed a yak
   167 | D        | Noticed an orc warrior
   167 | D        | Noticed a yak
   169 | D        | Killed a steam dragon
   170 | D        | Reached skill level 11 in Polearms
   170 | D        | Reached XP level 6. HP: 61/62 MP: 5/5
   174 | D        | Killed a steam dragon
   175 | D        | Reached skill level 12 in Polearms
   176 | D        | Killed a yak
   177 | D        | Reached skill level 13 in Polearms
   177 | D        | Reached XP level 7. HP: 21/71 MP: 6/6
   340 | D        | Reached skill level 10 in Fighting
   340 | D        | Reached skill level 10 in Armour
   342 | D        | Killed a yak
   344 | D        | Reached skill level 14 in Polearms
   392 | D        | Noticed a vampire mosquito
   392 | D        | Noticed a shadow
   392 | D        | Noticed a skeletal warrior
   392 | D        | Noticed a slime creature
   392 | D        | Noticed a manticore
   392 | D        | Noticed a centaur warrior
   394 | D        | Killed a vampire mosquito
   405 | D        | Killed a skeletal warrior
   406 | D        | Reached skill level 16 in Polearms
   406 | D        | Reached XP level 8. HP: 21/83 MP: 7/7
   589 | D        | Killed a centaur warrior
   590 | D        | Reached skill level 17 in Polearms
   590 | D        | Reached XP level 9. HP: 76/92 MP: 8/8
   603 | D        | Killed a manticore
   604 | D        | Reached skill level 18 in Polearms
   833 | D        | Noticed a polar bear
   833 | D        | Noticed an oklob plant
   840 | D        | Killed a polar bear
   870 | D        | Killed an oklob plant
   871 | D        | Reached skill level 19 in Polearms
   889 | D        | Reached XP level 10. HP: 43/104 MP: 9/9
  1087 | D        | Noticed a torpor snail
  1087 | D        | Noticed a black mamba
  1104 | D        | Killed a torpor snail
  1106 | D        | Killed a black mamba
  1107 | D        | Reached skill level 15 in Fighting
  1107 | D        | Reached skill level 20 in Polearms
  1107 | D        | Reached skill level 15 in Armour
  1309 | D        | Noticed a cane toad
  1309 | D        | Noticed a cane toad
  1317 | D        | Killed a cane toad
  1318 | D        | Reached skill level 21 in Polearms
  1321 | D        | Killed a cane toad
  1608 | D        | Noticed an orc high priest
  1617 | D        | Noticed a sun demon
  1621 | D        | Killed an orc high priest
  1622 | D        | Reached XP level 11. HP: 74/115 MP: 10/10
  1776 | D        | Reached skill level 22 in Polearms
  1780 | D        | Noticed an orc high priest
  1815 | D        | Killed an orc high priest
  1820 | D        | Noticed an orc high priest
  1873 | D        | Killed an orc high priest
  2201 | D        | Found Duaracri's Assorted Antiques.
  2201 | D        | Noticed an ogre mage
  2201 | D        | Noticed an ogre mage
  2201 | D        | Noticed an ogre mage
  2201 | D        | Noticed a deep troll
  2204 | D        | Killed an ogre mage
  2205 | D        | Reached skill level 23 in Polearms
  2205 | D        | Noticed a deep troll
  2213 | D        | Paralysed by something for 4 turns
  2214 | D        | Noticed a deep troll
  2218 | D        | Killed an ogre mage
  2219 | D        | Noticed an ettin
  2221 | D        | Paralysed by something for 3 turns
  2230 | D        | Killed an ogre mage
  2234 | D        | Killed a deep troll
  2240 | D        | Killed a deep troll
  2241 | D        | Reached skill level 24 in Polearms
  2245 | D        | Killed a deep troll
  2257 | D        | Killed an ettin
  2522 | D        | Found Raawy's Weapon Shoppe.
  2526 | D        | Found Lenlonos's Jewellery Emporium.
  2530 | D        | Found Giepevec's Jewellery Shoppe.
  2533 | D        | Noticed a deep troll
  2534 | D        | Noticed an ogre mage
  2535 | D        | Noticed a deep troll
  2548 | D        | Killed a deep troll
  2549 | D        | Paralysed by something for 2 turns
  2555 | D        | Killed an ogre mage
  2561 | D        | Killed a deep troll
  2562 | D        | Reached skill level 25 in Polearms
  2562 | D        | Reached XP level 12. HP: 84/128 MP: 11/11
  2636 | D        | Bought a pearl ring for 105 gold pieces
  2636 | D        | Bought an inky potion for 18 gold pieces
  2636 | D        | Bought a scroll labelled LUDGHATWU GUTAW for 21 gold pieces
  2636 | D        | Bought a small cabochon ring for 105 gold pieces
  2638 | D        | Bought a +3 glaive of flaming for 315 gold pieces
  2640 | D        | Bought a dragon-blood talisman for 780 gold pieces
  2642 | D        | Bought the ring of Gyfib {rF+ rCorr Int+2 Dex+6} for 598
                  | gold pieces
  2648 | D        | Bought a silver wand for 80 gold pieces
  2648 | D        | Bought a wand of iceblast (5) for 240 gold pieces
  2648 | D        | Bought a scroll labelled DUSUUW XIHOXUV for 20 gold pieces
  2648 | D        | Bought a wand of iceblast (6) for 288 gold pieces
  2653 | D        | Bought the +8 pair of quick blades "Gyre" and "Gimble"
                  | {protect} for 2210 gold pieces
  2653 | D        | Found the +8 pair of quick blades "Gyre" and "Gimble"
                  | {protect}
  2653 | D        | Bought a runed demon trident for 612 gold pieces
  2771 | D        | Noticed Josephine
  2783 | D        | Killed Josephine
  2976 | D        | Noticed a centaur warrior
  2976 | D        | Noticed a centaur warrior
  2976 | D        | Noticed a boulder beetle
  2977 | D        | Noticed a rakshasa
  2982 | D        | Killed a centaur warrior
  2990 | D        | Noticed a tengu warrior
  2995 | D        | Killed a centaur warrior
  3001 | D        | Noticed an ettin
  3011 | D        | Noticed a rakshasa
  3017 | D        | Killed a rakshasa
  3017 | D        | Noticed a vampire mage
  3018 | D        | Reached skill level 26 in Polearms
  3021 | D        | Killed a tengu warrior
  3025 | D        | Killed an ettin
  3030 | D        | Killed a boulder beetle
  3036 | D        | Killed a vampire mage
  3042 | D        | Killed a rakshasa
  3162 | D        | Noticed a vampire knight
  3169 | D        | Paralysed by a vampire knight for 2 turns
  3178 | D        | Killed a vampire knight
  3179 | D        | Reached skill level 27 in Polearms
  3185 | D        | Noticed a stone giant
  3189 | D        | Noticed an ice dragon
  3202 | D        | Killed a stone giant
  3208 | D        | Killed an ice dragon
  3744 | D        | Noticed Frances
  3757 | D        | Killed Frances
  4023 | D        | Noticed a four-headed hydra
  4023 | D        | Noticed a ghost crab
  4023 | D        | Noticed an eleionoma
  4023 | D        | Noticed a bunyip
  4023 | D        | Noticed an alligator
  4027 | D        | Killed a four-headed hydra
  4028 | D        | Reached XP level 13. HP: 143/143 MP: 12/12
  4041 | D        | Killed an eleionoma
  4049 | D        | Killed a bunyip
  4279 | D        | Reached skill level 1 in Dodging
  4279 | D        | Reached skill level 1 in Shapeshifting
  4290 | D        | Reached skill level 5 in Shields
  4701 | D        | Bought the +9 sword of Zonguldrok {reap} for 2720 gold
                  | pieces
  4701 | D        | Found the +9 sword of Zonguldrok {reap}
  4951 | D        | Noticed a merfolk impaler
  4997 | D        | Reached skill level 5 in Dodging
  5020 | D        | HP: 5/146 [merfolk impaler/+0 trident (10)]
  5027 | D        | HP: 5/146 [wind drake/the air (10)]
  5028 | D        | Killed a merfolk impaler
  5444 | D        | Noticed a nagaraja
  5459 | D        | HP: 7/146 [poisoned by a nagaraja (bolt of poison)]
  5459 | D        | Killed from afar by a nagaraja

Illustrated notes

Levels and vault maps discovered:
D:        linesprint [early_d, line_temple, items_1, d_10, items_2, lair_1,
          lair_end, items_3, orc_1, orc_end, items_4, d_15, swamp_1, shoals_1,
          snake_1, spider_1, d_20, vaults_1, items_5, swamp_end, shoals_end,
          snake_end, spider_end, vaults_end, d_27, items_6, zot_1, zot_end,
          crypt_end, forest_end, elf_end, slime_end, tomb_end, abyss_end,
          pan_hell_end]

Skill      XL: |  1  2  3  4  5  6  7  8  9 10 11 12 13 |
---------------+----------------------------------------+-----
Polearms       | 4 7 9 11 13 16 17 19 21 25 27 | 27.0
Fighting       | 4 6 7 8 9 12 14 16 18 21 22 | 22.5
Armour         | 4 5 7 8 9 12 14 16 18 21 22 | 22.5
Dodging        | 5 |  5.8
Shields        | 7 |  7.5
Shapeshifting  | 3 |  3.9

Action                     |  1- 3 |  4- 6 |  7- 9 | 10-12 | 13-15 || total
---------------------------+-------+-------+-------+-------+-------++-------
  Melee: Trident           |    25 |    15 |       |       |       ||    40
         Headbutt          |     3 |     5 |    17 |    67 |    24 ||   116
         Halberd           |       |     9 |    70 |   213 |       ||   292
         Demon trident     |       |       |       |   105 |   125 ||   230
 Invoke: Call Merchant     |       |       |       |     3 |     1 ||     4
    Use: Potion            |     1 |     1 |       |    11 |     7 ||    20
         Scroll            |       |       |       |     8 |     1 ||     9
   Stab: Distracted        |       |       |       |     4 |     1 ||     5
 Armour: Scale mail        |    15 |     6 |       |       |       ||    21
         Ring mail         |       |    13 |     3 |       |       ||    16
         Plate armour      |       |       |    44 |   201 |   126 ||   371
  Dodge: Dodged            |     7 |     9 |    23 |    71 |    29 ||   139
  Block: Buckler           |     3 |       |       |    10 |    23 ||    36
